[ AOE2 MATCH · #506254389 ]
UnrankedMaya vs Jurchens
Player's team · LOSS
Rival team · WIN
[ REPLAY ANALYSIS · EXTRACTED FROM THE RECORDED GAME ]
Feudal
—
Castle
—
Imperial
—
| APM avg | 66.7 |
| APM peak | 87 |
| eAPM avg | 23.9 |
| Villagers / military | 12 / 0 |
Focus
⚔️ 21.6% · 🌾 78.4%
Feudal
—
Castle
—
Imperial
—
| APM avg | 61.3 |
| APM peak | 86 |
| eAPM avg | 31.7 |
| Villagers / military | 19 / 0 |
Focus
⚔️ 39.5% · 🌾 60.5%
Match map
Initial resources + every placement click. Lines = walls · curves = elevation contours. ◆ gold · ⬟ stone · ● berries · ✦ relic · ◌ wall gap
Your base
Aimbot's base
Smoothed initial terrain · ◌ = detected wall gap · hover for details
Inputs per minute
— RD | El_Zapatero22 - - Aimbot
Build order — RD | El_Zapatero22
23 actions detected in the replay
| 0:00 | Research | Loom |
| 0:00 | Queue | Villager (Male) ×3 |
| 0:01 | Build | House |
| 0:02 | Build | House |
| 1:51 | Queue | Villager (Male) |
| 2:48 | Queue | Villager (Male) |
| 3:12 | Build | Palisade Wall |
| 3:13 | Build | Palisade Wall |
| 3:20 | Queue | Villager (Male) |
| 3:37 | Queue | Villager (Male) |
| 4:30 | Queue | Villager (Male) |
| 4:35 | Build | House |
| 4:58 | Queue | Villager (Male) |
| 5:27 | Queue | Villager (Male) |
| 5:27 | Queue | Villager (Male) |
| 5:33 | Build | Palisade Wall |
| 5:43 | Build | Palisade Wall |
| 5:48 | Queue | Villager (Male) |
| 5:55 | Build | Palisade Wall |
| 5:56 | Build | Palisade Wall |
| 5:58 | Build | Palisade Wall |
| 6:02 | Build | Palisade Wall |
| 6:06 | Build | Palisade Wall |
Build order — Aimbot
33 actions detected in the replay
| 0:00 | Queue | Villager (Male) |
| 0:01 | Queue | Villager (Male) |
| 0:02 | Build | House |
| 0:09 | Queue | Villager (Male) |
| 0:09 | Queue | Villager (Male) |
| 0:21 | Research | Loom |
| 0:22 | Queue | Villager (Male) |
| 0:22 | Queue | Villager (Male) |
| 0:23 | Queue | Villager (Male) |
| 0:23 | Queue | Villager (Male) |
| 0:43 | Build | Palisade Wall |
| 0:48 | Build | Palisade Wall |
| 1:37 | Queue | Villager (Male) |
| 1:55 | Build | House |
| 2:29 | Build | Palisade Wall |
| 2:29 | Build | Palisade Wall |
| 2:29 | Build | Palisade Wall |
| 2:34 | Build | Palisade Wall |
| 3:01 | Queue | Villager (Male) |
| 3:01 | Queue | Villager (Male) |
| 3:14 | Queue | Villager (Male) |
| 4:15 | Queue | Villager (Male) |
| 4:16 | Queue | Villager (Male) |
| 4:18 | Build | Palisade Wall |
| 4:19 | Build | Palisade Wall |
| 4:20 | Build | Palisade Wall |
| 4:20 | Build | Palisade Wall |
| 4:42 | Queue | Villager (Male) |
| 5:13 | Queue | Villager (Male) |
| 5:40 | Build | Palisade Gate |
| 5:45 | Queue | Villager (Male) |
| 5:45 | Queue | Villager (Male) |
| 6:07 | Queue | Villager (Male) |
Match timeline
| 0:43 | Aimbot · wall_segment Palisade Wall x1 |
| 0:48 | Aimbot · wall_segment Palisade Wall x1 |
| 2:29 | Aimbot · wall_segment Palisade Wall x1 |
| 2:29 | Aimbot · wall_segment Palisade Wall x1 |
| 2:29 | Aimbot · wall_segment Palisade Wall x1 |
| 2:34 | Aimbot · wall_segment Palisade Wall x1 |
| 3:12 | RD | El_Zapatero22 · wall_segment Palisade Wall x1 |
| 3:13 | RD | El_Zapatero22 · wall_segment Palisade Wall x1 |
| 4:18 | Aimbot · wall_segment Palisade Wall x1 |
| 4:19 | Aimbot · wall_segment Palisade Wall x1 |
| 4:20 | Aimbot · wall_segment Palisade Wall x1 |
| 4:20 | Aimbot · wall_segment Palisade Wall x1 |
| 5:33 | RD | El_Zapatero22 · wall_segment Palisade Wall x1 |
| 5:43 | RD | El_Zapatero22 · wall_segment Palisade Wall x1 |
| 5:55 | RD | El_Zapatero22 · wall_segment Palisade Wall x1 |
| 5:56 | RD | El_Zapatero22 · wall_segment Palisade Wall x1 |
| 5:58 | RD | El_Zapatero22 · wall_segment Palisade Wall x1 |
| 6:02 | RD | El_Zapatero22 · wall_segment Palisade Wall x1 |
| 6:06 | RD | El_Zapatero22 · wall_segment Palisade Wall x1 |
| 6:29 | RD | El_Zapatero22 · resign |
[ AI ANALYSIS · 1 CREDIT ]
What really happened in this match?
Wolo.gg analyzes every decision: build order, eco, micro, common mistakes by bracket. Personalized analysis on WhatsApp or Discord in 30 seconds.
Civ guide
Maya
Perfil
Jugador #17795993